 Dungeon Sprint DCSS version 0.23-a0-890-gc183402 (webtiles) character file.

Game seed: 12757460848860971655

35 galech the Skirmisher (level 3, 0/31 HPs)
             Began as a Demonspawn Fighter on Jan 28, 2019.
             Shot with an arrow by a centaur (11 damage)
             ... in the Dungeon (Sprint IX: "|||||||||||||||||||||||||||||").
             The game lasted 00:00:13 (43 turns).

galech the Skirmisher (Demonspawn Fighter)            Turns: 43, Time: 00:00:14

Health: 0/31       AC:  7    Str: 16    XL:     3   Next: 16%
Magic:  3/3        EV:  7    Int:  9    God:
Gold:   0          SH:  9    Dex: 13    Spells: 2/2 levels left

rFire    . . .     SeeInvis .   a - +0 war axe
rCold    . . .     Gourm    .   c - +0 shield
rNeg     . . .     Faith    .   b - +0 scale mail
rPois    .         Spirit   .   (no helmet)
rElec    .         Reflect  .   (no cloak)
rCorr    .         Harm     .   (no gloves)
MR       .....     NoTele   +   (no boots)
Stlth    ..........             (no amulet)
HPRegen  0.10/turn              (no ring)
MPRegen  0.08/turn              (no ring)

@: no status effects
A: claws 1, demonic guardian 1
a: no special abilities


You were in the Dungeon.
You were not hungry.

You visited 1 branch

Inventory:

Hand Weapons
 a - a +0 war axe (weapon)
Armour
 b - a +0 scale mail (worn)
 c - a +0 shield (worn)
Scrolls
 k - a scroll of blinking
Potions
 d - a potion of might
 g - a potion of heal wounds
 h - a potion of haste
 i - 2 potions of magic
 j - a potion of berserk rage
Comestibles
 f - a ration
 l - 2 chunks of flesh


   Skills:
 + Level 4.3 Fighting
 + Level 2.9 Axes
 + Level 4.0 Armour
 + Level 4.2 Shields


You had 2 spell levels left.
You didn't know any spells.
Your spell library was empty.

Dungeon Overview and Level Annotations

Branches:
Dungeon (1/1)

Altars:


Innate Abilities, Weirdness & Mutations

You have sharp fingernails.
A weak demonic guardian rushes to your aid.


Message History

You slash the worker ant!
You kill the worker ant!
Your Fighting skill increases to level 4!
Your Shields skill increases to level 4!
You have reached level 3!
Your experience leads to an increase in your attributes!
Increase (S)trength, (I)ntelligence, or (D)exterity?
You feel agile.
Your demonic ancestry asserts itself...
You feel the presence of a demonic guardian.
You block the bat skeleton's attack. The bat skeleton hits you.
The bat skeleton hits you but does no damage.
You feel better.
The bat skeleton hits you but does no damage.
The bat skeleton hits you. You block the bat skeleton's attack.
You slash the bat skeleton!
You destroy the bat skeleton!
Your Armour skill increases to level 4!
The centaur wields a +0 shortbow.
The centaur shoots an arrow.
The arrow hits you!
The centaur shoots an arrow.
The arrow hits you!
You die... ▓▓▓▓▓▓▓▓▓▓▓▓▓▓▓▓▓▓ ▓<...)...5@†c....+ ▓▓▓▓▓▓▓▓▓▓▓▓▓▓▓▓▓▓

You could see a centaur and a friendly quasit.

Vanquished Creatures
  A worker ant (D)
  A dart slug (D)
  A leopard gecko (D)
  A bat skeleton (D)
  2 goblins (D)
  A jackal (D)
  A frilled lizard (D)
  A rat (D)
9 creatures vanquished.

Notes
Turn   | Place    | Note
-------+----------+-------------------------------------------
     0 | D        | galech the Demonspawn Fighter began the quest for the Orb.
     0 | D        | Reached XP level 1. HP: 18/18 MP: 1/1
    32 | D        | Noticed a worker ant
    32 | D        | Noticed a centaur
    34 | D        | Gained mutation: You have sharp fingernails. [demonic
                  | ancestry]
    34 | D        | Reached XP level 2. HP: 25/25 MP: 2/2
    41 | D        | Gained mutation: A weak demonic guardian rushes to your
                  | aid. [demonic ancestry]
    41 | D        | Reached XP level 3. HP: 14/30 MP: 3/3
    43 | D        | Shot with an arrow by a centaur

Vault maps used:
D:        linesprint

Skill      XL: |  1  2  3 |
---------------+----------+-----
Armour         | 3 4 |  4.0
Shields        | 3 4 |  4.2
Axes           | 2 |  2.9
Fighting       | 4 |  4.3

Action                   || total
-------------------------++-------
Melee: War axe           ||    25
  Use: Potion            ||     1
Armor: Scale mail        ||    12
Dodge: Dodged            ||     3
Block: Shield            ||    11

Table legend:
 A = Non-vault XP
 B = Vault XP
 C = Vault XP percentage of total XP
 D = Non-vault monster count
 E = Vault monster count
 F = Vault count percentage of total count
                 A         B        C        D         E       F
            +---------+---------+-------+---------+---------+-------
      Total |       0 |      50 | 100.0 |       0 |       9 | 100.0
            +---------+---------+-------+---------+---------+-------
          D |       0 |      50 | 100.0 |       0 |       9 | 100.0
            +---------+---------+-------+---------+---------+-------
